Cogmind - Beta 16.1 @@@ ROGUE MODE // 2026.02.15 @ 23:38:07 Player: TheSkyeDoctor Result: Destroyed by S-27 Virus with Autogun Performance ------------- Evolutions (4) 2000 Regions Visited (6) 1200 Robots Destroyed (64) 320 Value Destroyed (2326) 2326 Prototype IDs (2) 40 Alien Tech Used (0) 0 Bonus (57) 57 TOTAL SCORE: 5943 Bonus ------- Follower Combat Kills 57 Cogmind --------- Core Integrity 0/850 Matter 262/300 Energy 99/100 System Corruption 3% Temperature Cool (3) Movement Flying (34) Location -6/Extension Parts ------- > --- POWER (1) -------- (None) > --- PROPULSION (4) --- Xenon Bombardment Thruster Xenon Bombardment Thruster Xenon Bombardment Thruster > --- UTILITY (8) ------ Improved Signal Interpreter Improved Signal Interpreter Targeting Computer Improved Melee Analysis Suite Core Analyzer > --- WEAPON (2) ------- (None) > --- INVENTORY (5) ---- Angular Momentum Engine Angular Momentum Engine Huge Storage Unit Improved Actuator Array Peak State ------------ > --- POWER ------------ Micro Nuclear Core > --- PROPULSION ------- Improved Airjet Improved Airjet Improved Airjet Improved Airjet > --- UTILITY ---------- Improved Heat Sink Huge Storage Unit Energy Well Improved Signal Interpreter Improved Signal Interpreter Improved Targeting Computer Core Analyzer Matter Filter > --- WEAPON ----------- Heavy Plasma Cannon Gauss Rifle > --- INVENTORY -------- Micro Nuclear Core Angular Momentum Engine Angular Momentum Engine Angular Momentum Engine Improved Titanium Leg Wheel Improved Airjet Improved Airjet Improved Airjet Improved Airjet Combat Airjet Xenon Bombardment Thruster Xenon Bombardment Thruster Xenon Bombardment Thruster Improved Heat Sink Huge Storage Unit Particle Gun Particle Gun Heavy Flail [Rating: 65] Favorites ----------- Power Ion Engine Engine Ion Engine Power Core Micro Nuclear Core Propulsion Improved Airjet Treads Light Treads Leg Carbon-fiber Leg Wheel Compact Wheel Hover Unit Improved Airjet Flight Unit Xenon Bombardment Thruster Utility Huge Storage Unit Device Matter Filter Storage Huge Storage Unit Processor Improved Signal Interpreter Hackware Hacking Suite Protection Light Armor Plating Weapon Missile Launcher Energy Gun Medium Laser Energy Cannon Heavy Plasma Cannon Ballistic Gun Assault Rifle Ballistic Cannon Assault Cannon Launcher Missile Launcher Impact Weapon Mace Slashing Weapon Blade Saw Build | -11 -10 -9 -8 -7 -6 -6 ------- Run | Yrd Mat Mat Mat Fac Fac Ext Slots Evolved 8 | . . 2 2 2 2 . Power . | . . . . . . . Propulsion 2 | . . 2 . . . . Utility 6 | . . . 2 2 2 . Weapon . | . . . . . . . Parts Attached 82 | 7 2 5 16 19 31 2 Power 8 | 1 . 2 . 2 3 . Engine 6 | 1 . 2 . 2 1 . Core 2 | . . . . . 2 . Reactor . | . . . . . . . Propulsion 33 | 2 . 2 7 8 14 . Treads 4 | 2 . 2 . . . . Leg 8 | . . . 4 4 . . Wheel 7 | . . . 3 4 . . Hover 11 | . . . . . 11 . Flight 3 | . . . . . 3 . Utility 24 | 2 2 1 4 4 9 2 Device 10 | 1 . 1 1 2 4 1 Storage 4 | 1 2 . . . 1 . Processor 6 | . . . 1 . 4 1 Hackware 2 | . . . 2 . . . Protection 2 | . . . . 2 . . Artifact . | . . . . . . . Weapon 17 | 2 . . 5 5 5 . Energy Gun 3 | 1 . . 1 . 1 . Energy Cannon 3 | . . . . 2 1 . Ballistic Gun 5 | 1 . . 1 2 1 . Ballistic Cannon 1 | . . . 1 . . . Launcher 1 | . . . . . 1 . Special Weapon . | . . . . . . . Impact Weapon 2 | . . . . 1 1 . Slashing Weapon 2 | . . . 2 . . . Piercing Weapon . | . . . . . . . Special Melee Weapon . | . . . . . . . Unidentified Prototypes 2 | . . 1 . . 1 . Parts Lost 62 | . . 3 11 23 22 3 Power 7 | . . . 1 3 2 1 Propulsion 26 | . . . 5 11 10 . Utility 14 | . . 1 2 5 6 . Weapon 15 | . . 2 3 4 4 2 Highest Loss Streak 12 | . . 2 4 8 12 3 To Critical Strikes . | . . . . . . . Average Backups 9 | 1 1 3 6 12 15 4 Power 1 | . 1 1 2 1 . 2 Propulsion 3 | . . . . 3 8 . Utility 2 | . . 1 1 4 2 1 Weapon 2 | . . . 1 3 3 . Tool/Special . | . . . . . . . Unused Backups 5 | . . . 1 1 . 3 Power 3 | . . . 1 . . 2 Propulsion 1 | . . . . 1 . . Utility 1 | . . . . . . 1 Weapon . | . . . . . . . Tool/Special . | . . . . . . . Average Slot Usage (%) 82 | . 100 81 77 79 89 65 Engine 5 | . 14 11 9 4 . 6 Core 1 | . . . . . 3 . Treads 7 | . 28 26 12 . . . Leg 6 | . . . 5 20 . . Wheel 1 | . . . 3 2 . . Hover 6 | . . . . . 21 . Device 11 | . 14 10 14 5 15 . Storage 8 | . 14 11 9 7 6 . Processor 11 | . . . 7 7 21 32 Hackware 2 | . . . 1 10 . . Protection 2 | . . . . 5 5 . Energy Gun 3 | . 14 10 1 3 . 6 Energy Cannon 1 | . . . . . 3 . Ballistic Gun 4 | . 14 10 6 1 2 . Ballistic Cannon 1 | . . . 6 . . . Launcher 1 | . . . . . 5 . Slashing Weapon 1 | . . . 2 4 . . Peak Build Rating 65 | 7 7 11 25 42 65 40 Average Rating 28 | 5 7 7 17 31 51 34 On Entrance 13 | . 7 7 8 25 13 31 Avg Prop Armor Cover (%) 5 | . . . 21 16 3 . Naked Turns . | . . . . . . . Heaviest Build 110 | 15 90 94 99 98 110 16 Greatest Support 80 | 40 40 80 60 75 39 18 Greatest Overweight (x) 32 | . 2 2 32 9 9 . Average Overweight (x) 1 | . . 1 2 2 3 . Largest Inventory Capacity 25 | 8 25 25 25 25 25 5 Average Capacity 22 | 7 13 25 25 25 24 5 Most Carried 22 | 5 3 5 9 17 22 5 Average Carried 9 | 1 1 3 6 13 15 4 Final Capacity 25 | 8 25 25 25 25 5 5 Final Carried 15 | 1 3 4 8 15 5 4 Class Distribution -------------------- 81% | Mutant 14% | Hacker-Mutant 3% | Scavenger-Mutant Dominant Class ---------------- Mutant | -10/Materials Mutant | -9/Materials Mutant | -8/Materials Hacker-Mutant | -7/Factory Mutant | -6/Factory Mutant | -6/Extension Resources | -11 -10 -9 -8 -7 -6 -6 ----------- Run | Yrd Mat Mat Mat Fac Fac Ext Matter Collected 1613 | 344 7 119 392 261 442 48 Remotely . | . . . . . . . Salvage Created 2728 | 219 15 270 509 725 990 . Parts 136 | 23 2 25 21 25 40 . Haulers Intercepted . | . . . . . . . Recyclers Shooed 6 | 1 . 1 1 1 2 . Parts Field Recycled . | . . . . . . . Retrieved Matter . | . . . . . . . Parts Self-Destructed . | . . . . . . . Prevented . | . . . . . . . Parts Restored . | . . . . . . . Kills | -11 -10 -9 -8 -7 -6 -6 ------- Run | Yrd Mat Mat Mat Fac Fac Ext Combat Hostiles Destroyed 44 | . . 7 8 12 17 . Melee 13 | . . . 3 9 1 . Guns 17 | . . 7 3 2 5 . Cannons 10 | . . . 2 . 8 . AOE 1 | . . . . . 1 . Classes Destroyed 12 | 2 1 3 1 4 1 . Worker 1 | . . . . . 1 . Builder 1 | . . . . 1 . . Tunneler 8 | 8 . . . . . . Recycler 6 | 1 . 1 2 1 1 . Watcher 4 | . 1 . 2 . 1 . Swarmer 7 | . . 3 2 . 2 . Grunt 15 | . . 3 3 4 5 . Brawler 2 | . . . . 1 1 . Duelist 3 | . . . . 1 2 . Sentry 8 | . . 1 2 3 2 . Hunter 3 | . . . 1 . 2 . Programmer 6 | . . . . 3 3 . Best Kill Streak 5 | 3 1 4 2 5 5 . Combat Bots Only 5 | . . 4 1 5 5 . Max Kills in Single Turn 2 | 1 1 2 1 1 1 . Gunslinging 1 | . . 1 . . . . Exploded 1 | . . . . . 1 . Melee 1 | . . . 1 1 1 . Uniques/NPCs Destroyed . | . . . . . . . Combat | -11 -10 -9 -8 -7 -6 -6 -------- Run | Yrd Mat Mat Mat Fac Fac Ext Hostile Shots Fired 777 | . . 94 114 321 225 23 Missed 223 | . . 28 26 96 67 6 Hits 554 | . . 66 88 225 158 17 Melee 31 | . . . . 9 22 . Projectile 523 | . . 66 88 216 136 17 AOE 2 | . . . . 2 . . Critical Strikes 24 | . . 6 1 8 8 1 Part Disruptions 1 | . . . . 1 . . Damage Taken 8049 | . . 831 1228 2926 2828 236 Core 1922 | . . 163 293 610 796 60 Absorbed by Shields . | . . . . . . . Core Remaining (%) 63 | 100 100 59 46 12 . . Volleys Fired 185 | 25 2 25 33 44 51 5 Largest 2 | 2 2 2 2 2 2 1 Hottest 126 | 70 70 70 65 97 126 65 Shots Fired 298 | 50 4 49 63 43 83 6 Gun 206 | 50 4 49 33 32 32 6 Cannon 85 | . . . 30 11 44 . Launcher 7 | . . . . . 7 . Special . | . . . . . . . Kinetic 173 | 25 2 25 62 28 31 . Thermal 118 | 25 2 24 1 15 45 6 Explosive 7 | . . . . . 7 . Electromagnetic . | . . . . . . . Robot Hit Streak 23 | 8 1 5 8 6 23 3 Robot Miss Streak 5 | 2 2 4 3 5 3 1 Penetration Max 1 | . . . . 1 1 . Secondary Targets 2 | . . 2 . . . . Max Gunslinging Chain 1 | . . 1 . . . . Shots Hit Robots 238 | 31 1 29 45 60 68 4 Core Hits 116 | 10 1 15 18 29 41 2 Critical Kills 5 | . . 1 . 4 . . Critical Parts Destroyed 6 | . . . 1 4 1 . Critical Strikes 22 | 1 . 1 5 14 1 . Burn 1 | 1 . . . . . . Destroy 5 | . . 1 1 2 1 . Smash 6 | . . . . 6 . . Sever 10 | . . . 4 6 . . Melee Attacks 65 | . . . 15 42 8 . Impact 38 | . . . . 30 8 . Slashing 27 | . . . 15 12 . . Piercing . | . . . . . . . Sneak Attacks . | . . . . . . . Combat Hostiles . | . . . . . . . Follow-up Attacks . | . . . . . . . Damage Inflicted 5841 | 392 12 440 845 1530 2556 66 Guns 2139 | 392 12 421 321 497 430 66 Cannons 1605 | . . . 316 152 1137 . Explosions 643 | . . . . . 643 . Melee 1435 | . . . 208 881 346 . Ramming 19 | . . 19 . . . . Kinetic 1868 | 168 . 211 637 439 413 . Thermal 2094 | 224 12 210 . 210 1372 66 Explosive 425 | . . . . . 425 . Electromagnetic . | . . . . . . . Impact 1065 | . . . . 719 346 . Slashing 370 | . . . 208 162 . . Piercing . | . . . . . . . Highest Corruption 19 | . . . . 19 3 3 Average Corruption 5 | . . . . 10 1 3 Corruption Purged . | . . . . . . . Corruption Blocked . | . . . . . . . Effects 51 | . . . . 33 13 5 Message Errors 18 | . . . . 12 3 3 Matter Fused 11 | . . . . 6 4 1 Heat Flow Errors 6 | . . . . 4 2 . Energy Discharges 3 | . . . . 2 1 . Data Loss (minor) 5 | . . . . 3 2 . Data Loss (major) 3 | . . . . 2 1 . Misfires 2 | . . . . 1 . 1 Weapon Failures 3 | . . . . 3 . . Overload Shots . | . . . . . . . Overflow Damage 209 | . . . 12 92 105 . Projectiles 33 | . . . . . 33 . Explosions 31 | . . . . . 31 . Melee 145 | . . . 12 92 41 . Knockbacks 12 | . . . 7 3 2 . Impact 5 | . . . . 3 2 . Kinetic 7 | . . . 7 . . . Secondary . | . . . . . . . Self-Inflicted Damage . | . . . . . . . Shots . | . . . . . . . Rammed 4 | . . 4 . . . . Targets Rammed 4 | . . 4 . . . . Kicked . | . . . . . . . Crushed . | . . . . . . . Highest Temperature 246 | 27 9 47 123 246 154 36 Average Temperature 29 | 11 6 18 24 61 48 17 Received Heat Transfer 1927 | . . 456 432 651 349 39 Siege Activations . | . . . . . . . Martial Activations . | . . . . . . . Shielding Activations . | . . . . . . . Robots Disrupted . | . . . . . . . Combat Hostiles . | . . . . . . . Robots Corrupted 2 | . . . . 1 1 . Combat Hostiles 2 | . . . . 1 1 . Parts Fried . | . . . . . . . Impact Corruptions 6 | . . . . 3 3 . Robots Melted 1 | . . . . . 1 . Combat Hostiles 1 | . . . . . 1 . Parts Melted 2 | . . . . . 2 . Heat Transferred 3724 | 740 37 629 . 333 1837 148 Parts Sabotaged 3 | . . . . . 3 . Parts Stolen . | . . . . . . . Parts Stripped . | . . . . . . . Power Chain Reactions . | . . . . . . . Alert | -11 -10 -9 -8 -7 -6 -6 ------- Run | Yrd Mat Mat Mat Fac Fac Ext Maximum Alert Level 1 | . . . . . 1 . Low Security (%) 97 | 100 100 100 100 100 91 100 Level 1 2 | . . . . . 8 . Level 2 . | . . . . . . . Level 3 . | . . . . . . . Level 4 . | . . . . . . . Level 5 . | . . . . . . . High Security . | . . . . . . . Max Security . | . . . . . . . Peak Influence 364 | 10 23 123 47 122 364 156 Initial 156 | . . . . 2 24 156 Average 29 | 1 2 33 8 29 41 122 Influence Increases 1770 | 45 23 165 263 438 725 111 Destroy 0b10 Robot/C 920 | . . 140 160 240 340 40 Destroy 0b10 Robot/NC 105 | 45 5 5 20 10 15 5 Destroy Leader 250 | . 2 20 44 90 92 2 Allied During Kill 7 | . . . . . . 7 Successful Hack 45 | . 16 . . 8 . 21 Disable Machine 75 | . . . 15 30 30 . Anti-Garrison Action 150 | . . . . . 150 . Destroy Structure 68 | . . . 9 . 53 6 Partial Spotted 30 | . . . 15 . . 15 Lose Combat Pursuer 120 | . . . . 60 45 15 Influence Decreases 1643 | 45 23 165 257 394 455 304 Entered New Map 194 | . . . . 4 26 164 Time Decay 928 | 45 23 136 204 191 219 110 Lost Part 521 | . . 29 53 199 210 30 Squads Dispatched 18 | . . . 1 10 7 . Investigation 1 | . . . . . 1 . Extermination 6 | . . . . 3 3 . Reinforcement 3 | . . . 1 1 1 . Assault 2 | . . . . . 2 . Garrison 6 | . . . . 6 . . Intercept . | . . . . . . . Searches Triggered . | . . . . . . . Construction Impeded 1 | . . . . 1 . . Haulers Reinforced . | . . . . . . . Active Scanning Responses . | . . . . . . . Cargo Convoy Interrupts . | . . . . . . . Stealth | -11 -10 -9 -8 -7 -6 -6 --------- Run | Yrd Mat Mat Mat Fac Fac Ext Distress Signals 7 | . . 2 1 3 . 1 Communications Jammed . | . . . . . . . Distress Signals . | . . . . . . . Times Spotted 101 | . 2 16 21 19 34 9 Peak Tracking Total 8 | . 1 5 5 6 8 4 Tactical Retreats 12 | . . 2 3 3 3 1 ECM-based Alert Blocks 10 | . . 4 6 . . . Traps | -11 -10 -9 -8 -7 -6 -6 ------- Run | Yrd Mat Mat Mat Fac Fac Ext Traps Triggered 4 | . . . 1 2 1 . Indirectly . | . . . . . . . Trap Hack Attempts . | . . . . . . . Triggered . | . . . . . . . Disarmed . | . . . . . . . Reprogrammed . | . . . . . . . Reused . | . . . . . . . Traps Extracted . | . . . . . . . Installed . | . . . . . . . Triggered . | . . . . . . . Machines | -11 -10 -9 -8 -7 -6 -6 ---------- Run | Yrd Mat Mat Mat Fac Fac Ext Machines Disabled 6 | . . . 1 2 3 . Max in Single Turn 2 | . . . 1 1 2 . Garrison Access 2 | . . . . . 2 . Machines Repaired . | . . . . . . . Machines Dismantled . | . . . . . . . Machines Sabotaged . | . . . . . . . Overloaded Fab Kills . | . . . . . . . Hacking | -11 -10 -9 -8 -7 -6 -6 --------- Run | Yrd Mat Mat Mat Fac Fac Ext Machines Accessed 23 | . 2 3 3 3 5 7 Terminals 19 | . 2 3 3 1 3 7 Fabricators . | . . . . . . . Repair Stations . | . . . . . . . Recycling Units . | . . . . . . . Scanalyzers 1 | . . . . 1 . . Garrison Access 3 | . . . . 1 2 . Total Hacks 44 | . 6 7 5 6 8 12 Successful 10 | . 2 . . 2 2 4 Failed 34 | . 4 7 5 4 6 8 Catastrophic 13 | . 2 3 2 1 3 2 Database Lockouts . | . . . . . . . Manual 23 | . 5 7 5 . 2 4 Terminals 35 | . 6 7 5 2 3 12 Fabricators . | . . . . . . . Repair Stations . | . . . . . . . Recycling Units . | . . . . . . . Scanalyzers 2 | . . . . 2 . . Garrison Access 7 | . . . . 2 5 . Terminal Hacks 8 | . 2 . . 1 1 4 Open Door 4 | . . . . . 1 3 Level Access Points 1 | . 1 . . . . . Branch Access Points 1 | . 1 . . . . . Alert Level 1 | . . . . 1 . . Zone Layout 1 | . . . . . . 1 Fabricator Hacks . | . . . . . . . Repair Station Hacks . | . . . . . . . Recycling Unit Hacks . | . . . . . . . Scanalyzer 1 | . . . . 1 . . Retrieve Study 1 | . . . . 1 . . Garrison Access Hacks 1 | . . . . . 1 . Seal Access 1 | . . . . . 1 . Unauthorized Hacks . | . . . . . . . Terminals . | . . . . . . . Fabricators . | . . . . . . . Repair Stations . | . . . . . . . Recycling Units . | . . . . . . . Scanalyzers . | . . . . . . . Garrison Access . | . . . . . . . Data Cores Recovered . | . . . . . . . Used . | . . . . . . . Hacking Detections 20 | . 2 3 3 3 4 5 Full Trace Events 1 | . . . . . 1 . Feedback Events . | . . . . . . . Feedback Blocked . | . . . . . . . Robot Schematics Acquired . | . . . . . . . Robots Built . | . . . . . . . Authchips . | . . . . . . . Time . | . . . . . . . Total Robot Build Rating . | . . . . . . . Part Schematics Acquired . | . . . . . . . Parts Built . | . . . . . . . Authchips . | . . . . . . . Time . | . . . . . . . Total Part Build Rating . | . . . . . . . Part Studies Acquired 1 | . . . . 1 . . Parts Repaired . | . . . . . . . Time . | . . . . . . . Parts Recycled . | . . . . . . . Recycled Matter . | . . . . . . . Retrieved Matter . | . . . . . . . Retrieved Components . | . . . . . . . Parts Scanalyzed . | . . . . . . . Part Schematics Acquired . | . . . . . . . Parts Damaged . | . . . . . . . Bothacking | -11 -10 -9 -8 -7 -6 -6 ------------ Run | Yrd Mat Mat Mat Fac Fac Ext Used RIF Installer . | . . . . . . . Robots Hacked . | . . . . . . . Non-combat . | . . . . . . . Combat . | . . . . . . . Robot Hacks Applied . | . . . . . . . Relay Couplers Released 1 | . . . . . 1 . Machine Destruction 1 | . . . . . 1 . Fabnet Peak Effective % . | . . . . . . . Robots Rewired . | . . . . . . . Allies Hacked . | . . . . . . . Hacks Repelled . | . . . . . . . Allies | -11 -10 -9 -8 -7 -6 -6 -------- Run | Yrd Mat Mat Mat Fac Fac Ext Total Allies 3 | . . . . . . 3 Largest Group 2 | . . . . . . 2 Highest-Rated Group 59 | . . . . . . 59 Highest-Rated Ally 39 | . . . . . . 39 Total Orders . | . . . . . . . Ally Attacks 17 | . . . . . . 17 Total Damage 230 | . . . . . . 230 Kills 3 | . . . . . . 3 Allies Corrupted . | . . . . . . . Allies Melted . | . . . . . . . Intel | -11 -10 -9 -8 -7 -6 -6 ------- Run | Yrd Mat Mat Mat Fac Fac Ext Active Infowar (turns) 2260 | 15 289 773 1183 . . . Sensors 933 | . . . 933 . . . Seismic 751 | 15 289 447 . . . . ECM 1509 | . . 326 1183 . . . Robot Analysis Total . | . . . . . . . Derelict Logs Recovered . | . . . . . . . Drone Launches . | . . . . . . . Drone Recoveries . | . . . . . . . Exploration | -11 -10 -9 -8 -7 -6 -6 ------------- Run | Yrd Mat Mat Mat Fac Fac Ext Turns Passed 6258 | 307 289 789 1346 1509 1794 224 Spaces Moved 2553 | 155 136 205 383 664 619 391 Core 37 | 26 . . 11 . . . Treads 696 | 129 136 205 226 . . . Legs 530 | . . . 75 455 . . Wheels 358 | . . . 71 209 78 . Hover 513 | . . . . . 513 . Flight 419 | . . . . . 28 391 Fastest Speed 34 | 50 160 240 130 115 34 34 Average Speed 181 | 141 188 277 258 181 206 34 Slowest Speed 1650 | 160 320 320 1650 265 346 34 Overloaded Moves . | . . . . . . . Propulsion Burnouts . | . . . . . . . Robots Hopped 1 | . . . . . . 1 Potential Cave-ins . | . . . . . . . Cave-ins Triggered . | . . . . . . . Exploration Rate (%) 22 | 4 26 26 29 20 15 39 Regions Visited 6 Branch Regions 1 Pre-discovered Areas . | . . . . . . . Known Exits Taken 4 | . 1 . 1 1 1 . Unknown Exits Taken 2 | 1 . 1 . . . . Scrap Searched . | . . . . . . . Spaces Dug . | . . . . . . . Terrain Destroyed 93 | . . . 8 . 85 . Melee . | . . . . . . . Projectile 19 | . . . 8 . 11 . AOE 74 | . . . . . 74 . Terrain Rammed . | . . . . . . . Walls Destroyed . | . . . . . . . Machines Disabled . | . . . . . . . Actions | -11 -10 -9 -8 -7 -6 -6 --------- Run | Yrd Mat Mat Mat Fac Fac Ext Total 3750 | 192 167 371 654 849 1041 476 Wait 747 | . 22 126 183 49 291 76 Move 2545 | 154 135 204 382 663 618 389 Hop 1 | . . . . . . 1 Pick Up 86 | 6 4 5 21 26 23 1 Fast Attach 2 | 2 . . . . . . Attach 82 | 5 . 4 17 19 34 3 Detach 4 | . . . 1 1 1 1 Swap 8 | . 2 1 1 4 . . Drop 8 | . 2 2 1 1 2 . Fire 185 | 25 2 25 33 44 51 5 Melee 65 | . . . 15 42 8 . Ram . | . . . . . . . Kick . | . . . . . . . Crush 4 | . . 4 . . . . Escape Stasis 13 | . . . . . 13 . Rewire . | . . . . . . . Trap . | . . . . . . . Miscellaneous . | . . . . . . . Route ------- -11/Scrapyard -10/Materials (discovered 5 exits: *Mat x3 / Min x2) -9/Materials -8/Materials -7/Factory -6/Factory -6/Extension History --------- Turn | Location | Event 16 | -11/Scrapyard | Discovered new exit (range 16) 308 | -11/Scrapyard | Entered Materials 314 | -10/Materials | Build established: Mutant 428 | -10/Materials | Identified exit to Mines 428 | -10/Materials | Identified exit to Materials 597 | -10/Materials | Entered another Materials area 597 | -9/Materials | Evolved 2 slots: Propulsion x2 1251 | -9/Materials | Discovered new exit (range 14) 1386 | -9/Materials | Entered another Materials area 1386 | -8/Materials | Evolved 2 slots: Utility x2 2029 | -8/Materials | Lost 3 parts (3n) 2515 | -8/Materials | Lost 4 parts (1n1u2w) 2591 | -8/Materials | Core integrity fell below 50% 2715 | -8/Materials | Discovered new exit (range 10) 2730 | -8/Materials | Identified exit to Factory 2732 | -8/Materials | Entered Factory 2732 | -7/Factory | Evolved 2 slots: Utility x2 3157 | -7/Factory | Build established: Hacker-Mutant 3624 | -7/Factory | Garrison activated, responded to threat 3685 | -7/Factory | System corruption reached 10% 3715 | -7/Factory | Lost 4 parts (1p1n2u) 3756 | -7/Factory | Garrison activated, responded to threat 3823 | -7/Factory | Lost 8 parts (7n1w) 3958 | -7/Factory | Core integrity fell below 50% 3995 | -7/Factory | Build established: Mutant 4056 | -7/Factory | Discovered new exit (range 14) 4086 | -7/Factory | Core integrity fell below 20% 4116 | -7/Factory | Identified exit to Factory 4121 | -7/Factory | Lost 5 parts (2n1u2w) 4241 | -7/Factory | Entered another Factory area 4241 | -6/Factory | Evolved 2 slots: Utility x2 5837 | -6/Factory | Lost 7 parts (2n4u1w) 5996 | -6/Factory | Core integrity fell below 50% 6012 | -6/Factory | Core integrity fell below 20% 6032 | -6/Factory | Discovered new exit (range 10) 6035 | -6/Factory | Identified exit to Extension 6035 | -6/Factory | Entered Extension 6055 | -6/Extension | Lost 12 parts (1p7n2u2w) 6068 | -6/Extension | Spotted B-75 Beast 6133 | -6/Extension | Rescued a captive Derelict 6145 | -6/Extension | Rescued a captive Derelict 6259 | -6/Extension | Rescued A7 6259 | -6/Extension | Destroyed by S-27 Virus with Autogun Last Messages --------------- G-50 Soldier destroyed. Acquired 4 matter. Acquired 3 matter. Acquired 33 matter. Acquired 4 matter. C-30 ARC bursts open, deploying its payload. S-27 Virus unfolds itself. Particle Gun destroyed. HV Slug penetrates S-27 Virus. S-27 Virus destroyed. Knocked back. Connecting with Door Terminal... >>Open(Door) Sealed Heavy Doors opened. Angular Momentum Engine destroyed. Particle Gun destroyed. A7: "I've been trapped here for some time now, I should probabl##AID::LRC-V3##I suddenly feel like you could use my help. Lead on." [Achievement: Prison Break] Map ----- +----------------------------------------------------+ | | | | | | | | | | | | | | | | | | | | | | | | | | | | | | | | | ?????????????????????????????????????????????????? | | ?????????????????????????????????????????????????? | | ?????????????????????????????????????????????????? | | ?????????????????????????????????????????????????? | | ##################???????????????????????????????? | | #???????????????????????????????? | | ########### ###??##?????????????????????????? | | #?????????# # ####T######???????????????????? | | #?????????# "#?# p/ #???????????????????? | | #????????## ##?# # #@ #???????????????????? | | #????????#" #????### ####????????????????? | | #????????## ##?????# #????????????????? | | #?????????# "##????# #????????????????? | | "" #?????????# #"###### #????????????????? | | "" #####?????# =[%% s #????????????????? | | T" #?????#######%" #????????????????? | | "" #T###???????????#" #????????????????? | | "" ###?????????????# s #????????????????? | | #???????????????# ##### #????????????????? | | #???????????????# #???? #????????????????? | | ######???????????????# #?????#????????????????? | | ?????????????????????# s#??????????????????????? | | ?????????????????????# ##/#??????????????????????? | | ?????????????????????# ?? ??????????????????????? | | ?????????????????????##??g ??????????????????????? | | ????????????????????????? *?????????????????????? | | ?????????????????????????* *?????????????????????? | | ????????????????????????? ????????????????????? | | ????????????????????????? ?????????????????????? | | ?????????????????????????##??????????????????????? | | ?????????????????????????????????????????????????? | | ?????????????????????????????????????????????????? | | ?????????????????????????????????????????????????? | | ?????????????????????????????????????????????????? | +----------------------------------------------------+ Best States ------------- Heat Dissipation 61 Energy Generation 18 Energy Capacity 500 Matter Stores 300 Matter Capacity 300 Sight Range 16 Robot Scan Range 15 Terrain Scan Density 10 ECM Strength 1 Armor Coverage 300 Evasion (%) 63 Targeting Accuracy 11 Melee Accuracy 6 Core Analysis 6 Recoil Reduction 4 Matter Filtering 30 Offensive Hacking 20 Item Schematics ----------------- None Robot Schematics ------------------ None Fabricated ------------ Nothing Repaired ---------- Nothing Studied --------- Imp. Carbon-fiber Leg | -7/Factory | Hacked Alien Tech Used ----------------- None Achievements -------------- Prison Break Challenges ------------ None Game ------ Seed BoreJammingLaser Manual? 0 Play Time 00:39:19 Cumulative 25.2 hours Start 2026.02.15 @ 22:57:27 End 2026.02.15 @ 23:38:07 Sessions 1 Manual Loads 0 Difficulty Rogue Special Mode None Game No. 61 Rogue 61 Adventurer 0 Explorer 0 Win Type - Total 0 Types 0/0/0/0/0/0/0/0/0/0 Lore% 23 Gallery% 27 Achievement% 22 Wizard Run 0 Options --------- Layout 1 ASCII 0 Keyboard 0 Movement Mouse Keybinds 0 Fullscreen 1 Font 24/Smallcaps Map View 50x35 Zoom Use 0% Tactical HUD 0 Map Filters NONE Filters NONE Steam 1 RUN: b38a2044-c5f5-40ed-8815-03446ab98fd9